 Dungeon Crawl Stone Soup version 0.30-a0-474-g5673dd7ce6 (webtiles) character file.

Game seed: 4470274379704314775

324 Bnni the Conjurer (level 6, -2/50 HPs)
             Began as a Draconian Conjurer on Dec 20, 2022.
             Killed from afar by Sigmund (9 damage)
             ... with a magic dart
             ... on level 4 of the Dungeon.
             The game lasted 00:06:42 (3840 turns).

Bnni the Conjurer (Draconian Conjurer)              Turns: 3840, Time: 00:06:42

Health: -2/50      AC:  8    Str:  9    XL:     6   Next: 23%
Magic:  5/10       EV: 16    Int: 21    God:
Gold:   133        SH:  0    Dex:  9    Spells: 0/11 levels left

rFire   + . .      SeeInvis .    b - +2 dagger (drain)
rCold   + . .      Faith    .    (no shield)
rNeg    . . .      Spirit   .    (body armour unavailable)
rPois   +          Reflect  .    (helmet restricted)
rElec   +          Harm     .    (no cloak)
rCorr   +          Rampage  .    r - +0 pair of gloves
Will    .....                    u - +0 pair of boots
Stlth   ++........               t - amulet of magic regeneration
HPRegen 0.28/turn                l - +4 ring of evasion
MPRegen 0.52/turn                (no ring)

@: resistant
A: AC +6, unfitting armour, cold-blooded
a: no special abilities


You were on level 4 of the Dungeon.
You visited 1 branch of the dungeon, and saw 4 of its levels.

You collected 133 gold pieces.

Inventory:

Hand Weapons
 b - a +2 dagger of draining (weapon)
 w - a +0 trident
Missiles
 j - 2 curare-tipped darts
Armour
 r - a +0 pair of gloves (worn)
 u - a +0 pair of boots (worn)
Jewellery
 l - a +4 ring of evasion (left hand)
 t - an amulet of magic regeneration (around neck)
Scrolls
 d - 2 scrolls of blinking {unknown}
 f - 2 scrolls of magic mapping {unknown}
 g - 4 scrolls of identify {unknown}
 h - a scroll of vulnerability {unknown}
 k - a scroll of torment {unknown}
 m - 4 scrolls of fear {unknown}
 o - a scroll of poison {unknown}
 p - a scroll of amnesia {unknown}
 q - a scroll of noise {unknown}
 y - a scroll of enchant armour {unknown}
Potions
 a - 2 potions of magic
 c - a potion of cancellation {unknown}
 i - a potion of flight {unknown}
 n - a potion of degeneration {unknown}
 s - a potion of resistance
 v - a potion of heal wounds {unknown}
 x - a potion of invisibility {unknown}
 z - a potion of might {unknown}


   Skills:
 + Level 2.9 Fighting
 - Level 1.7 Dodging
 - Level 1.7 Stealth
 + Level 3.3 Spellcasting
 * Level 5.8 Conjurations
 + Level 1.6 Hexes


You couldn't memorise any spells.
You knew the following spells:

 Your Spells              Type           Power      Damage    Failure   Level
a - Magic Dart            Conj           100%       1d8       1%          1
b - Searing Ray           Conj           56%        2d6       1%          2
c - Fulminant Prism       Conj/Hex       9%         3d7       26%         4
d - Iskenderun's Mystic   Conj/Tloc      15%        2d5       36%         4

Your spell library contained the following spells:

 Spells                   Type           Power      Damage    Failure   Level
 Dazzling Flash           Conj/Hex       38%        N/A       9%          3
 Gell's Gravitas          Tloc           3%         N/A       36%         3
 Teleport Other           Tloc           3%         N/A       36%         3
 Dispersal                Tloc           1%         N/A       100%        6


Dungeon Overview and Level Annotations

Branches:
Dungeon (4/15)
 Temple: D:4-7

Altars:
Ashenzari

Shops:
D:2 ?

Annotations:
D:4 Sigmund


Innate Abilities, Weirdness & Mutations

Your plain brown scales are hard. (AC +6)
You cannot fit into any form of body armour.
You are cold-blooded and may be slowed by cold attacks.


Message History

You feel less confused.
A magic dart appears from out of thin air!
The magic dart hits you but does no damage.
Casting: Magic Dart (safe; 1% risk of failure)
Confirm with . or Enter, or press ? or * to list all spells.
Aiming: Searing Ray (safe; 1% risk of failure)
Press: ? - help, Shift-Dir - straight line (Press . to maintain the ray.)
Something hits you!
You are poisoned.
You feel very sick.
The searing ray hits something.
You finish channelling your searing ray.
You feel very sick. Something hits you.
* * * LOW HITPOINT WARNING * * *
You are lethally poisoned!
* * * LOW HITPOINT WARNING * * *
You feel very sick. Something hits you but does no damage.
It was a potion of resistance.
You feel protected.
* * * LOW HITPOINT WARNING * * *
You feel very sick.
It was a potion of curing.
You feel better.
A magic dart appears from out of thin air!
The magic dart hits you.
* * * LOW HITPOINT WARNING * * *
Okay, then.
Okay, then.
Casting: Searing Ray (safe; 1% risk of failure)
Confirm with . or Enter, or press ? or * to list all spells.
You can't see any susceptible monsters within range! (Use Z to cast anyway.)
Casting: Searing Ray (safe; 1% risk of failure)
Confirm with . or Enter, or press ? or * to list all spells.
The spell is quite dangerous to miscast (36% risk of failure)!
Continue anyway?
You erupt in a blast of force!
The mystic blast hits something.
A magic dart appears from out of thin air!
The magic dart hits you!
You die...

........#.# #.#######
##.###..#.###........
##.###..#............
#.............#.#.###
)...................
...##...#..#..#.##### #
........#.....#.#####.#.##
........#.....#.##........
..###...#.......@..{).....
..............#.##......[.
........##....#...........
........##....#######.#.##
......#.##....# .# #
........##.#.## #
.............#
........##.#.#
.....[..##.#.########


There were no monsters in sight!

Vanquished Creatures
  Grinder (D:4)
  5 adders
  2 worms
  A dart slug (D:1)
  4 orcs
  9 bats
  13 endoplasms
  2 giant cockroaches (D:1)
  5 goblins
  8 hobgoblins
  2 quokkas
  6 ball pythons
  4 frilled lizards
  7 kobolds
  4 rats
73 creatures vanquished.

Vanquished Creatures (others)
  A plant (D:3)
1 creature vanquished.

Grand Total: 74 creatures vanquished

Notes
Turn   | Place    | Note
-------+----------+-------------------------------------------
     0 | D:1      | Bnni the Draconian Conjurer began the quest for the Orb.
     0 | D:1      | Reached XP level 1. HP: 14/14 MP: 3/3
   207 | D:1      | Reached XP level 2. HP: 22/22 MP: 1/5
   304 | D:1      | Reached skill level 1 in Fighting
   307 | D:1      | Learned a level 2 spell: Searing Ray
  1060 | D:2      | Reached XP level 3. HP: 15/28 MP: 0/6
  1158 | D:2      | Found a faded altar of an unknown god.
  1293 | D:2      | Found Wukih's Magic Scroll Shop.
  1301 | D:2      | Found a broken altar of Ashenzari.
  2173 | D:3      | Reached XP level 4. HP: 36/36 MP: 4/7
  2178 | D:3      | Learned a level 4 spell: Fulminant Prism
  2606 | D:3      | Reached skill level 5 in Conjurations
  3408 | D:4      | Noticed Grinder
  3411 | D:4      | Paralysed by Grinder for 3 turns
  3421 | D:4      | Paralysed by Grinder for 3 turns
  3431 | D:4      | Killed Grinder
  3432 | D:4      | Reached skill level 1 in Hexes
  3432 | D:4      | Reached XP level 5. HP: 36/44 MP: 2/9
  3432 | D:4      | Reached XP level 6. HP: 41/50 MP: 2/10
  3685 | D:4      | Learned a level 4 spell: Iskenderun's Mystic Blast
  3822 | D:4      | Noticed Sigmund
  3840 | D:4      | Killed from afar by Sigmund

Illustrated notes

Levels and vault maps discovered:
D:1:      zaba_arrival_water, layout_loops_ring, kennysheep_decorative_pillar
D:2:      layout_loops_cross, basic_altar, hellmonk_ecumenical_altar_zigzags,
          serial_shops, shop, dreamdust_mushroom_princess
D:3:      cheibrodos_old_hovel, layout_basic, kennysheep_boxes
D:4:      layout_basic, uniq_grinder, uniq_sigmund

Skill      XL: |  1  2  3  4 |
---------------+-------------+-----
Fighting       | 1 2 |  2.9
Conjurations   | 5 |  5.8
Spellcasting   | 3 |  3.3
Hexes          | 1 |  1.6
Dodging        | |  1.7
Stealth        | |  1.7

Action                   |  1- 3 |  4- 6 || total
-------------------------+-------+-------++-------
Melee: Unarmed           |    12 |       ||    12
       Tailslap          |     8 |     1 ||     9
       Spear             |    35 |    25 ||    60
 Cast: Magic Dart        |    62 |    44 ||   106
       Searing Ray       |     2 |     6 ||     8
       Iskenderun's Myst |       |     1 ||     1
  Use: Potion            |       |     2 ||     2
 Stab: Sleeping          |     6 |     1 ||     7
Armor: Skin              |    15 |     5 ||    20
Dodge: Dodged            |    37 |    29 ||    66

Table legend: (Time is in decaauts)
 A = Elapsed time spent in this place.
 B = Non-inter-level travel time spent in this place.
 C = Inter-level travel time spent in this place.
 D = Time resting spent in this place.
 E = Time spent auto-exploring this place.
 F = Levels seen in this place.
 G = Mean time per level.
                   A        B        C        D        E       F      G
               +--------+--------+--------+--------+--------+-----+--------+
         Total |   3850 |   3650 |    200 |    101 |   3047 |   4 |  962.5 |
       Dungeon |   3850 |   3650 |    200 |    101 |   3047 |   4 |  962.5 |
               +--------+--------+--------+--------+--------+-----+--------+

Top non-repeatable levels by time:
     D:3: 1170 daAuts
     D:2: 1054 daAuts
     D:1: 1053 daAuts
     D:4: 572 daAuts
